 Dungeon Sprint DCSS version bcrawl-1.21.2-1-g32d02e0829 (webtiles) character file.

Game seed: 8247680204410992288

9027 MordorOrchid the Stinger (level 11, -15/92 HPs)
             Began as an Oni Fire Elementalist on Feb 19, 2020.
             Was an Initiate of Gozag.
             Demolished by a deep troll (18 damage)
             ... in the Dungeon (Sprint IX: "|||||||||||||||||||||||||||||").
             The game lasted 00:18:16 (2263 turns).

MordorOrchid the Stinger (Oni Fire Elementalist)    Turns: 2263, Time: 00:18:17

Health: -15/92     AC:  5    Str: 14    XL:     11   Next: 40%
Magic:  1/33       EV: 18    Int: 20    God:    Gozag
Gold:   2378       SH:  0    Dex: 12    Spells: 21/42 levels left

rFire    . . .     SeeInvis .   r - +4 rapier (venom)
rCold    . . .     Gourm    .   (no shield)
rNeg     . . .     Faith    .   a - +0 animal skin
rPois    .         Spirit   .   (helmet restricted)
rElec    .         Reflect  .   u - +0 cloak
rCorr    .         Harm     .   t - +0 pair of gloves
MR       .....     NoTele   +   y - +0 pair of boots
Stlth    ++........             (no amulet)
HPRegen  0.25/turn              v - +3 ring of strength
MPRegen  0.23/turn              w - +2 ring of evasion

@: gold aura
A: oni magic, claws 1, fangs 1, horns 1
a: Potion Petition, Call Merchant, Bribe Branch, Renounce Religion


You were in the Dungeon.
You worshipped Gozag.
Gozag was most pleased with you.
You were not hungry.

You visited 1 branch You collected 3614 gold pieces.
You spent 660 gold pieces at shops.
You paid 576 gold pieces to Gozag.

Inventory:

Hand Weapons
 j - a +0 shortbow
 l - a +0 longbow
 q - a +4 quarterstaff of speed
 r - a +4 rapier of venom (weapon)
 s - a +3 war axe of freezing
Missiles
 c - 215 stones (quivered)
 i - 470 arrows
Armour
 a - a +0 animal skin (worn)
 t - a +0 pair of gloves (worn)
 u - a +0 cloak (worn)
 y - a +0 pair of boots (worn)
 B - a +0 ring mail
Magical Staves
 p - an uncursed staff of earth
 x - an uncursed staff of energy
Jewellery
 v - a +3 ring of strength (left hand)
 w - a +2 ring of evasion (right hand)
Wands
 o - a wand of iceblast (10)
Scrolls
 g - 3 scrolls of blinking
 m - 3 scrolls of remove curse
 n - 2 scrolls of amnesia
 z - a scroll of identify
 A - 4 scrolls of enchant armour
Potions
 b - a potion of agility
 d - 7 potions of curing
 f - 5 potions of heal wounds
 h - 4 potions of magic
 k - a potion of might
Comestibles
 e - 20 rations {!d}


   Skills:
 * Level 7.4 Fighting
 * Level 4.7 Short Blades
 * Level 2.8 Armour
 * Level 7.2 Dodging
 - Level 3.0 Stealth
 - Level 16.0 Spellcasting
   Level 16.0 Conjurations
   Level 16.0 Hexes
   Level 16.0 Charms
   Level 16.0 Summonings
   Level 16.0 Necromancy
   Level 16.0 Translocations
   Level 16.0 Transmutations
   Level 16.0 Fire Magic
   Level 16.0 Ice Magic
   Level 16.0 Air Magic
   Level 16.0 Earth Magic
   Level 16.0 Poison Magic
 - Level 6.6 Evocations


You had 21 spell levels left.
You knew the following spells:

 Your Spells              Type           Power        Failure   Level  Hunger
a - Flame Tongue          Conj/Fire      #####        0%          1    None
c - Conjure Flame         Conj/Fire      ######..     0%          3    None
d - Inner Flame           Hex/Fire       N/A          0%          3    None
e - Sticky Flame          Conj/Fire      ######..     1%          4    None
f - Fireball              Conj/Fire      ######....   1%          5    ###....
s - Summon Demon          Summ           ######....   1%          5    ###....

Your spell library contained the following spells:

 Spells                   Type           Power        Failure   Level  Hunger
 Magic Dart               Conj           ####         0%          1    None
 Flaming Arrows           Chrm/Fire      ######..     0%          2    None
 Passwall                 Tmut/Erth      ######..     0%          2    None
 Throw Frost              Conj/Ice       ######       0%          2    None
 Tukima's Dance           Hex            ######..     0%          3    None


Dungeon Overview and Level Annotations

Branches:
Dungeon (1/1)

Altars:
Cheibriados
Dithmenos
Elyvilon
Fedhas
Gozag
Hepliaklqana
Kikubaaqudgha
Lugonu
Makhleb
Nemelex Xobeh
Okawaru
Qazlal
Ru
Sif Muna
Trog
Uskayaw
Vehumet
Wu Jian
Xom
Yredelemnul
Zin
The Shining One
Beogh
Jiyva

Shops:
D =


Innate Abilities, Weirdness & Mutations

You learn spells by gaining experience, not through books or religion.
You only train spellcasting to practice magic.
You have sharp fingernails.
You have very sharp teeth.
You have a pair of small horns on your head.


Message History

The deep troll claws you!
* * * LOW HITPOINT WARNING * * *
Unknown command.
The deep troll burns!
The deep troll burns!
The deep troll burns!
Things that are here:
a +0 dire flail; a +0 chain mail The deep troll burns!
The deep troll stops burning.
Items here: )) [[ a +0 short sword; a +0 plate armour; a +2 scimitar of holy wrath a +0 chain mail
Items here: )) [[ a +0 plate armour; a +0 great mace; a +0 dagger; a +0 robe
There is an open door here.
Casting: Sticky Flame (safe; 1% risk of failure)
Confirm with . or Enter, or press ? or * to list all spells.
You open a gate to Pandemonium!
A demon appears!
The deep troll bites you!!
You die...
Your body crumbles into a pile of gold.

')....'________________________'.
▓▓▓▓▓▓▓▓▓▓▓▓▓▓▓▓▓▓▓▓▓▓▓▓▓▓▓▓▓▓▓▓▓
.................................
▓▓▓▓▓▓▓▓▓▓▓▓▓▓▓▓▓▓▓▓▓▓▓▓▓▓▓▓▓▓▓▓▓
...........'.........'.........'.
▓▓▓▓▓▓▓▓▓▓▓▓▓▓▓▓▓▓▓▓▓▓▓▓▓▓▓▓▓▓▓▓▓
.................................
▓▓▓▓▓▓▓▓▓▓▓▓▓▓▓▓▓▓▓▓▓▓▓▓▓▓▓▓▓▓▓▓▓
.∩)).))))))))...@T3))...$$..TT$$$
▓▓▓▓▓▓▓▓▓▓▓▓▓▓▓▓▓▓▓▓▓▓▓▓▓▓▓▓▓▓▓▓▓


You could see a deep troll and a friendly sun demon.

Vanquished Creatures
  2 hydras (D)
  2 deep trolls (D)
  An orc sorcerer (D)
  A cane toad (D)
  3 rime drakes (D)
  A hornet (D)
  A polar bear (D)
  2 slime creatures (D)
  A hippogriff (D)
  A wyvern (D)
  A yak (D)
  A vampire mosquito (D)
  2 crocodiles (D)
  3 porcupines (D)
  12 orc warriors (D)
  3 centaurs (D)
  4 bullfrogs (D)
  A crimson imp (D)
  3 orc priests (D)
  A hound (D)
  An orc wizard (D)
  An iguana (D)
  A worker ant (D)
  An adder (D)
  6 orcs (D)
  A bat skeleton (D)
  A giant cockroach (D)
  A jackal (D)
  A goblin (D)
  A kobold (D)
  2 rats (D)
63 creatures vanquished.

Vanquished Creatures (collateral kills)
  An orc high priest (D)
  An orc knight (D)
  A komodo dragon (D)
  A troll (D)
  3 wargs (D)
  5 hell hounds (D)
  An orc (D)
13 creatures vanquished.

Grand Total: 76 creatures vanquished

Notes
Turn   | Place    | Note
-------+----------+-------------------------------------------
     0 | D        | MordorOrchid the Oni Fire Elementalist began the quest for
                  | the Orb.
     0 | D        | Reached XP level 1. HP: 14/14 MP: 4/4
     7 | D        | Reached skill level 1 in Fighting
    17 | D        | Reached skill level 2 in Spellcasting
    74 | D        | Noticed a hound
    74 | D        | Noticed a centaur
    74 | D        | Noticed a crimson imp
    77 | D        | Killed a hound
    77 | D        | Reached skill level 3 in Spellcasting
    77 | D        | Reached XP level 2. HP: 25/25 MP: 6/8
    77 | D        | Reached XP level 3. HP: 30/30 MP: 6/9
    80 | D        | Killed a centaur
    80 | D        | Reached skill level 4 in Spellcasting
    80 | D        | Reached XP level 4. HP: 35/41 MP: 7/12
    83 | D        | Reached skill level 5 in Fighting
    83 | D        | Reached skill level 5 in Dodging
    83 | D        | Reached XP level 5. HP: 42/48 MP: 8/14
    99 | D        | Found a roughly hewn altar of Beogh.
    99 | D        | Found a snail-covered altar of Cheibriados.
    99 | D        | Found a shadowy altar of Dithmenos.
    99 | D        | Found a white marble altar of Elyvilon.
    99 | D        | Found a blossoming altar of Fedhas.
    99 | D        | Found an opulent altar of Gozag.
   100 | D        | Found a hazy altar of Hepliaklqana.
   101 | D        | Found a viscous altar of Jiyva.
   102 | D        | Found an ancient bone altar of Kikubaaqudgha.
   103 | D        | Found a corrupted altar of Lugonu.
   104 | D        | Found a burning altar of Makhleb.
   105 | D        | Found a sparkling altar of Nemelex Xobeh.
   106 | D        | Found an iron altar of Okawaru.
   107 | D        | Became a worshipper of Gozag Ym Sagoz the Greedy
   108 | D        | Found a stormy altar of Qazlal.
   109 | D        | Found a sacrificial altar of Ru.
   110 | D        | Found a shimmering blue altar of Sif Muna.
   111 | D        | Found a bloodstained altar of Trog.
   112 | D        | Found a hide-covered altar of Uskayaw.
   113 | D        | Found a radiant altar of Vehumet.
   114 | D        | Found an ornate altar of the Wu Jian Council.
   115 | D        | Found a shimmering altar of Xom.
   116 | D        | Found a basalt altar of Yredelemnul.
   117 | D        | Found a glowing silver altar of Zin.
   118 | D        | Found a glowing golden altar of the Shining One.
   162 | D        | Learned a level 3 spell: Conjure Flame
   167 | D        | Learned a level 4 spell: Sticky Flame
   173 | D        | Learned a level 5 spell: Fireball
   176 | D        | Noticed a hippogriff
   176 | D        | Noticed a hornet
   176 | D        | Noticed a slime creature
   185 | D        | Killed a hippogriff
   185 | D        | Reached skill level 6 in Spellcasting
   185 | D        | Reached XP level 6. HP: 15/56 MP: 10/17
   195 | D        | Learned a level 3 spell: Inner Flame
   202 | D        | Reached skill level 7 in Spellcasting
   202 | D        | Reached skill level 5 in Evocations
   208 | D        | Killed a hornet
   208 | D        | Reached skill level 8 in Spellcasting
   208 | D        | Reached XP level 7. HP: 21/61 MP: 2/20
   413 | D        | Killed a slime creature
   413 | D        | Reached skill level 9 in Spellcasting
   513 | D        | Noticed a slime creature
   513 | D        | Noticed a wyvern
   513 | D        | Noticed a vampire mosquito
   526 | D        | Killed a slime creature
   526 | D        | Reached skill level 10 in Spellcasting
   526 | D        | Reached XP level 8. HP: 30/68 MP: 4/24
   700 | D        | Killed a wyvern
   703 | D        | Reached skill level 11 in Spellcasting
   833 | D        | Noticed an eight-headed hydra
   833 | D        | Noticed a rime drake
   838 | D        | Noticed a polar bear
   842 | D        | Killed an eight-headed hydra
   842 | D        | Reached skill level 12 in Spellcasting
   842 | D        | Reached XP level 9. HP: 74/74 MP: 7/27
   845 | D        | Reached skill level 13 in Spellcasting
   858 | D        | Killed a rime drake
   986 | D        | Noticed a cane toad
   989 | D        | Killed a polar bear
   993 | D        | Killed a cane toad
   993 | D        | Reached XP level 10. HP: 62/81 MP: 3/29
  1151 | D        | Learned a level 5 spell: Summon Demon
  1155 | D        | Reached skill level 14 in Spellcasting
  1170 | D        | Noticed a four-headed hydra
  1177 | D        | Killed a four-headed hydra
  1177 | D        | Reached skill level 15 in Spellcasting
  1655 | D        | Bought a ration for 55 gold pieces
  1655 | D        | Bought a ration for 55 gold pieces
  1655 | D        | Bought a ration for 55 gold pieces
  1655 | D        | Bought a ration for 55 gold pieces
  1655 | D        | Bought a ration for 55 gold pieces
  1655 | D        | Bought a ration for 55 gold pieces
  1655 | D        | Bought a ration for 55 gold pieces
  1655 | D        | Bought a ration for 55 gold pieces
  1655 | D        | Bought a ration for 55 gold pieces
  1655 | D        | Bought a ration for 55 gold pieces
  1655 | D        | Bought a ration for 55 gold pieces
  1655 | D        | Bought a ration for 55 gold pieces
  1726 | D        | Noticed an orc high priest
  1740 | D        | Noticed a soul eater
  1740 | D        | Killed an orc high priest
  1953 | D        | Noticed an orc sorcerer
  1953 | D        | Noticed an orc knight
  1954 | D        | Killed an orc sorcerer
  1954 | D        | Reached skill level 1 in Short Blades
  1954 | D        | Reached skill level 16 in Spellcasting
  1954 | D        | Reached XP level 11. HP: 88/88 MP: 20/33
  1962 | D        | Killed an orc knight
  2232 | D        | Found Fehentay's Jewellery Emporium.
  2232 | D        | Noticed a deep troll
  2232 | D        | Noticed a deep troll
  2232 | D        | Noticed a deep troll
  2252 | D        | Killed a deep troll
  2254 | D        | Killed a deep troll
  2255 | D        | HP: 1/92 [deep troll (11)]
  2263 | D        | Demolished by a deep troll

Skill      XL: |  1  2  3  4  5  6  7  8  9 10 11 |
---------------+----------------------------------+-----
Dodging        | 3 4 5 7 |  7.2
Fighting       | 2 4 5 7 |  7.4
Spellcasting   | 3 4 6 8 10 12 13 16 | 16.0
Evocations     | 4 6 |  6.6
Short Blades   | 1 4 |  4.7
Stealth        | 2 3 |  3.0
Armour         | 2 |  2.8
Conjurations   | | 16.0
Hexes          | | 16.0
Charms         | | 16.0
Summonings     | | 16.0
Necromancy     | | 16.0
Translocations | | 16.0
Transmutations | | 16.0
Fire Magic     | | 16.0
Ice Magic      | | 16.0
Air Magic      | | 16.0
Earth Magic    | | 16.0
Poison Magic   | | 16.0

Action                   |  1- 3 |  4- 6 |  7- 9 | 10-12 || total
-------------------------+-------+-------+-------+-------++-------
Melee: Unarmed           |     4 |       |       |       ||     4
       Club              |     4 |    10 |       |       ||    14
       Headbutt          |     1 |     5 |       |     3 ||     9
       Bite              |       |     3 |       |     2 ||     5
       Rapier            |       |    14 |       |     4 ||    18
       War axe           |       |       |     1 |       ||     1
       Quarterstaff      |       |       |       |    21 ||    21
       Staff             |       |       |       |     1 ||     1
 Fire: Longbow           |       |       |     8 |    26 ||    34
 Cast: Flame Tongue      |     4 |     2 |    19 |    20 ||    45
       Conjure Flame     |       |     2 |     6 |     9 ||    17
       Fireball          |       |     1 |    10 |    14 ||    25
       Sticky Flame      |       |     1 |     4 |     7 ||    12
       Inner Flame       |       |       |     4 |     5 ||     9
       Summon Demon      |       |       |       |    12 ||    12
Invok: Call Merchant     |       |       |       |     1 ||     1
  Use: Potion            |     2 |     1 |       |       ||     3
       Scroll            |       |       |     2 |       ||     2
  Eat: Ration            |       |       |     1 |     2 ||     3
Armor: Animal skin       |     1 |     1 |     2 |     2 ||     6
Dodge: Dodged            |     2 |    32 |    10 |    28 ||    72
